 Dungeon Crawl Stone Soup version 0.29.1-12-g30fa7ad0bf (webtiles) character file.

Game seed: 3849311814697816279

1311 xzight the Shield-Bearer (level 8, -1/67 HPs)
             Began as a Gnoll Fighter on Dec 29, 2022.
             Engulfed by a steam dragon's steam (15 damage)
             ... on level 6 of the Dungeon.
             The game lasted 00:06:38 (4569 turns).

xzight the Shield-Bearer (Gnoll Fighter)            Turns: 4569, Time: 00:06:39

Health: -1/67      AC: 12    Str: 28    XL:     8   Next: 58%
Magic:  13/13      EV: 11    Int:  9    God:
Gold:   229        SH:  5    Dex: 12    Spells: 13/14 levels left

rFire   . . .      SeeInvis .   a - +0 trident
rCold   . . .      Faith    .   c - +0 buckler
rNeg    . . .      Spirit   .   b - +0 scale mail
rPois   .          Reflect  .   v - +2 hat
rElec   .          Harm     .   p - +0 cloak {Stlth+}
rCorr   .          Rampage  .   n - +0 pair of gloves
Will    .....                   (no boots)
Stlth   ++........              t - amulet of regeneration
HPRegen 1.01/turn               S - +6 ring of strength
MPRegen 0.13/turn               s - +6 ring of strength

@: no status effects
A: fangs 1, strong nose, distributed training
a: no special abilities


You were on level 6 of the Dungeon.
You visited 2 branches of the dungeon, and saw 7 of its levels.

You collected 334 gold pieces.
You spent 105 gold pieces at shops.


Innate Abilities, Weirdness & Mutations

You have very sharp teeth.
Your uncanny sense of smell can sniff out nearby items.
Your experience applies equally to all skills.


   Skills:
 + Level 7.5 Fighting
 + Level 3.5 Short Blades
 + Level 3.5 Long Blades
 + Level 3.5 Axes
 + Level 3.5 Maces & Flails
 + Level 5.8 Polearms
 + Level 3.5 Staves
 + Level 3.5 Ranged Weapons
 + Level 3.5 Throwing
 + Level 7.5 Armour
 + Level 3.5 Dodging
 + Level 3.5 Stealth
 + Level 7.5 Shields
 + Level 3.5 Unarmed Combat
 + Level 3.5 Spellcasting
 + Level 2.9 Conjurations
 + Level 2.9 Hexes
 + Level 2.9 Summonings
 + Level 2.9 Necromancy
 + Level 2.9 Translocations
 + Level 2.9 Transmutations
 + Level 2.9 Fire Magic
 + Level 2.9 Ice Magic
 + Level 2.9 Air Magic
 + Level 2.9 Earth Magic
 + Level 2.9 Poison Magic
 + Level 3.9 Invocations
 + Level 3.5 Evocations


You had 13 spell levels left.
You knew the following spells:

 Your Spells              Type           Power      Damage    Failure   Level
a - Foxfire               Conj/Fire      24%        2x1d5     22%         1

Your spell library contained the following spells:

 Spells                   Type           Power      Damage    Failure   Level
 Conjure Flame            Conj/Fire      6%         6-21      54%         3
 Inner Flame              Hex/Fire       6%         N/A       54%         3
 Flame Wave               Conj/Fire      6%         2d5       91%         4

Inventory:

Hand Weapons
 a - a +0 trident (weapon)
Missiles
 D - 5 boomerangs (quivered)
Armour
 b - a +0 scale mail (worn)
 c - a +0 buckler (worn)
 n - a +0 pair of gloves (worn)
 p - a +0 cloak of stealth (worn)
 r - a +2 pair of gloves of strength
 v - a +2 hat (worn)
Jewellery
 s - a +6 ring of strength (right hand)
 t - an amulet of regeneration (around neck)
 w - an amulet of reflection
 z - an amulet of faith {!P}
 S - a +6 ring of strength (left hand)
Scrolls
 e - 4 scrolls of identify {unknown}
 h - a scroll of vulnerability {unknown}
 i - 2 scrolls of immolation {unknown}
 j - a scroll of silence {unknown}
 o - 4 scrolls of blinking
 x - 2 scrolls of poison {unknown}
 y - 3 scrolls of teleportation {unknown}
 B - 2 scrolls of magic mapping {unknown}
 C - a scroll of enchant weapon {unknown}
Potions
 d - a potion of might
 f - 2 potions of mutation {unknown}
 g - 2 potions of haste {unknown}
 k - 2 potions of resistance {unknown}
 l - 2 potions of invisibility {unknown}
 m - 2 potions of curing {unknown}
 q - a potion of magic {unknown}
 u - a potion of degeneration {unknown}
 A - 3 potions of lignification {unknown}
 E - a potion of brilliance {unknown}

Dungeon Overview and Level Annotations

Branches:
Dungeon (6/15)             Temple (1/1) D:5

Altars:
Ashenzari
Dithmenos
Elyvilon
Kikubaaqudgha
Makhleb
Qazlal
Ru
Trog
Uskayaw
Yredelemnul
Zin
The Shining One

Shops:
D:1 *   D:3 *

Annotations:
D:6 1 transporter

......# #.##.........##
.....####...............
#...## #................
##### ##..............$
#...............
#.#...........#
#.#...........#
#.##..§.......## #.
##§§§§@D....# ∆ ..
##.§......## .#
##....W..# #.......#
####....# ##...# ...'#
#....


You could see a steam dragon and a phantom.


Message History

* * * LOW HITPOINT WARNING * * *
The steam dragon breathes steam at you. The ball of steam misses you.
You barely miss the steam dragon.
The steam dragon is lightly wounded.
You are engulfed in a cloud of scalding steam.
* * * LOW HITPOINT WARNING * * *
The steam dragon bites you.
* * * LOW HITPOINT WARNING * * *
The steam dragon claws you but does no damage.
You completely miss the steam dragon. Your bite misses the steam dragon.
The steam dragon is lightly wounded.
You are engulfed in a cloud of scalding steam.
* * * LOW HITPOINT WARNING * * *
The steam dragon breathes steam at you. The ball of steam misses you.
You hit the steam dragon but do no damage.
The steam dragon is lightly wounded.
You are engulfed in a cloud of scalding steam.
You block the steam dragon's attack.
The steam dragon claws you but does no damage.
You puncture the steam dragon!
The steam dragon is moderately wounded.
The steam dragon bites you but does no damage.
The steam dragon barely misses you.
You puncture the steam dragon!
You bite the steam dragon, but do no damage.
The steam dragon is heavily wounded.
You are engulfed in a cloud of scalding steam.
You die...

Skill      XL: |  1  2  3  4  5  6  7 |
---------------+----------------------+-----
Invocations    | 1 2 3 |  3.9
Short Blades   | 1 2 3 |  3.5
Long Blades    | 1 2 3 |  3.5
Axes           | 1 2 3 |  3.5
Maces & Flails | 1 2 3 |  3.5
Staves         | 1 2 3 |  3.5
Ranged Weapons | 1 2 3 |  3.5
Throwing       | 1 2 3 |  3.5
Dodging        | 1 2 3 |  3.5
Stealth        | 1 2 3 |  3.5
Unarmed Combat | 1 2 3 |  3.5
Spellcasting   | 1 2 3 |  3.5
Evocations     | 1 2 3 |  3.5
Conjurations   | 1 2 |  2.9
Hexes          | 1 2 |  2.9
Summonings     | 1 2 |  2.9
Necromancy     | 1 2 |  2.9
Translocations | 1 2 |  2.9
Transmutations | 1 2 |  2.9
Fire Magic     | 1 2 |  2.9
Ice Magic      | 1 2 |  2.9
Air Magic      | 1 2 |  2.9
Earth Magic    | 1 2 |  2.9
Poison Magic   | 1 2 |  2.9
Polearms       | 5 |  5.8
Fighting       | 7 |  7.5
Armour         | 7 |  7.5
Shields        | 7 |  7.5

Action                   |  1- 3 |  4- 6 |  7- 9 || total
-------------------------+-------+-------+-------++-------
Melee: Trident           |   100 |   151 |   102 ||   353
       Bite              |     4 |     9 |     8 ||    21
 Stab: Sleeping          |       |     2 |     1 ||     3
Armor: Scale mail        |    31 |    57 |    35 ||   123
Dodge: Dodged            |    34 |    58 |    24 ||   116
Block: Buckler           |    24 |    35 |    16 ||    75

Levels and vault maps discovered:
D:1:      dpeg_cavernosity, layout_basic, serial_shops, shop,
          minmay_stone_trees_large, amcnicky_mini_corridor_feature, minivault_19
D:2:      layout_basic, nicolae_ecumenical_pavilion, uniq_jessica
D:3:      layout_basic, ashenzari_altar_1, serial_shops, shop,
          minmay_misc_feat_iff, kennysheep_minor_cross
D:4:      layout_layer_cave, grunt_dithmenos_smoke, nicolae_uskayaw_suspiria,
          hangedman_decor_diamond_cutter, uniq_blork_the_orc, uniq_duvessa
D:5:      layout_loops_cross, minmay_temple_entry_slanted
D:6:      gammafunk_cloud_chamber, layout_cave_pods, grunt_qazlal_clouds,
          kennysheep_mini_moat, gup_sewer_entry_bowl
Temple:   hellmonk_temple_two_chambers

Notes
Turn   | Place    | Note
-------+----------+-------------------------------------------
     0 | D:1      | xzight the Gnoll Fighter began the quest for the Orb.
     0 | D:1      | Reached XP level 1. HP: 23/23 MP: 1/1
   319 | D:1      | Reached XP level 2. HP: 29/29 MP: 2/2
   335 | D:1      | Found Asmef's Assorted Antiques.
   764 | D:1      | Reached XP level 3. HP: 35/35 MP: 3/3
   916 | D:2      | Found a faded altar of an unknown god.
   986 | D:2      | Reached skill level 1 in Invocations
  1210 | D:2      | Reached skill level 1 in Short Blades
  1210 | D:2      | Reached skill level 1 in Long Blades
  1210 | D:2      | Reached skill level 1 in Axes
  1210 | D:2      | Reached skill level 1 in Maces & Flails
  1210 | D:2      | Reached skill level 1 in Staves
  1210 | D:2      | Reached skill level 1 in Ranged Weapons
  1210 | D:2      | Reached skill level 1 in Throwing
  1210 | D:2      | Reached skill level 1 in Dodging
  1210 | D:2      | Reached skill level 1 in Stealth
  1210 | D:2      | Reached skill level 1 in Unarmed Combat
  1210 | D:2      | Reached skill level 1 in Spellcasting
  1210 | D:2      | Reached skill level 1 in Evocations
  1238 | D:2      | Reached XP level 4. HP: 39/41 MP: 5/5
  1270 | D:2      | Noticed Jessica
  1273 | D:2      | Killed Jessica
  1274 | D:2      | Reached skill level 1 in Conjurations
  1274 | D:2      | Reached skill level 1 in Hexes
  1274 | D:2      | Reached skill level 1 in Summonings
  1274 | D:2      | Reached skill level 1 in Necromancy
  1274 | D:2      | Reached skill level 1 in Translocations
  1274 | D:2      | Reached skill level 1 in Transmutations
  1274 | D:2      | Reached skill level 1 in Fire Magic
  1274 | D:2      | Reached skill level 1 in Ice Magic
  1274 | D:2      | Reached skill level 1 in Air Magic
  1274 | D:2      | Reached skill level 1 in Earth Magic
  1274 | D:2      | Reached skill level 1 in Poison Magic
  1560 | D:3      | Found Nybbudypp's General Store.
  1569 | D:3      | Bought a scroll of blinking for 105 gold pieces
  1680 | D:3      | Found a broken altar of Ashenzari.
  1816 | D:3      | Reached XP level 5. HP: 47/47 MP: 7/7
  2240 | D:4      | Reached skill level 2 in Invocations
  2265 | D:4      | Reached XP level 6. HP: 53/53 MP: 8/8
  2336 | D:4      | Noticed Duvessa
  2336 | D:4      | Noticed Dowan
  2365 | D:4      | Killed Duvessa
  2366 | D:4      | Reached skill level 2 in Short Blades
  2366 | D:4      | Reached skill level 2 in Long Blades
  2366 | D:4      | Reached skill level 2 in Axes
  2366 | D:4      | Reached skill level 2 in Maces & Flails
  2366 | D:4      | Reached skill level 5 in Polearms
  2366 | D:4      | Reached skill level 2 in Staves
  2366 | D:4      | Reached skill level 2 in Ranged Weapons
  2366 | D:4      | Reached skill level 2 in Throwing
  2366 | D:4      | Reached skill level 2 in Dodging
  2366 | D:4      | Reached skill level 2 in Stealth
  2366 | D:4      | Reached skill level 2 in Unarmed Combat
  2366 | D:4      | Reached skill level 2 in Spellcasting
  2366 | D:4      | Reached skill level 2 in Evocations
  2380 | D:4      | Killed Dowan
  2592 | D:4      | Found a hide-covered altar of Uskayaw.
  2600 | D:4      | Noticed Blork the orc
  2656 | D:4      | Reached skill level 7 in Fighting
  2656 | D:4      | Reached skill level 7 in Armour
  2656 | D:4      | Reached skill level 7 in Shields
  2656 | D:4      | Reached XP level 7. HP: 60/60 MP: 10/10
  2674 | D:4      | Killed Blork the orc
  2675 | D:4      | Reached skill level 2 in Conjurations
  2675 | D:4      | Reached skill level 2 in Hexes
  2675 | D:4      | Reached skill level 2 in Summonings
  2675 | D:4      | Reached skill level 2 in Necromancy
  2675 | D:4      | Reached skill level 2 in Translocations
  2675 | D:4      | Reached skill level 2 in Transmutations
  2675 | D:4      | Reached skill level 2 in Fire Magic
  2675 | D:4      | Reached skill level 2 in Ice Magic
  2675 | D:4      | Reached skill level 2 in Air Magic
  2675 | D:4      | Reached skill level 2 in Earth Magic
  2675 | D:4      | Reached skill level 2 in Poison Magic
  2706 | D:4      | Found a shadowy altar of Dithmenos.
  2979 | D:4      | Reached skill level 3 in Invocations
  3400 | D:4      | Reached skill level 3 in Short Blades
  3400 | D:4      | Reached skill level 3 in Long Blades
  3400 | D:4      | Reached skill level 3 in Axes
  3400 | D:4      | Reached skill level 3 in Maces & Flails
  3400 | D:4      | Reached skill level 3 in Staves
  3400 | D:4      | Reached skill level 3 in Ranged Weapons
  3400 | D:4      | Reached skill level 3 in Throwing
  3400 | D:4      | Reached skill level 3 in Dodging
  3400 | D:4      | Reached skill level 3 in Stealth
  3400 | D:4      | Reached skill level 3 in Unarmed Combat
  3400 | D:4      | Reached skill level 3 in Spellcasting
  3400 | D:4      | Reached skill level 3 in Evocations
  3400 | D:4      | Reached XP level 8. HP: 26/67 MP: 12/12
  3568 | D:5      | Entered Level 5 of the Dungeon
  3739 | D:5      | Learned a level 1 spell: Foxfire
  3869 | D:5      | Found a staircase to the Ecumenical Temple.
  3923 | Temple   | Entered the Ecumenical Temple
  4309 | D:6      | Found a transporter.
  4387 | D:6      | Found a stormy altar of Qazlal.
  4569 | D:6      | Engulfed by a steam dragon's steam

Vanquished Creatures
  Duvessa (D:4)
  2 black bears
  An ice beast (D:6)
  3 ogres
  A centaur (D:4)
  Blork the orc (D:4)
  3 scorpions (D:4)
  Dowan (D:4)
  2 hounds
  2 orc priests
  Jessica (D:2)
  An orc wizard (D:6)
  6 adders
  A white imp (D:6)
  2 dart slugs
  11 orcs
  2 ball pythons
  6 endoplasms
  6 giant cockroaches
  7 hobgoblins
  8 jackals
  A quokka (D:4)
  3 bats
  6 frilled lizards
  11 goblins
  8 kobolds
  6 rats
103 creatures vanquished.

Table legend: (Time is in decaauts)
 A = Elapsed time spent in this place.
 B = Non-inter-level travel time spent in this place.
 C = Inter-level travel time spent in this place.
 D = Time resting spent in this place.
 E = Time spent auto-exploring this place.
 F = Levels seen in this place.
 G = Mean time per level.
                   A        B        C        D        E       F      G
               +--------+--------+--------+--------+--------+-----+--------+
         Total |   4602 |   4417 |    185 |     50 |   3566 |   7 |  657.4 |
       Dungeon |   4576 |   4396 |    180 |     50 |   3546 |   6 |  762.7 |
        Temple |     26 |     21 |      5 |      0 |     20 |   1 |   26.0 |
               +--------+--------+--------+--------+--------+-----+--------+

Top non-repeatable levels by time:
     D:4: 1336 daAuts
     D:1: 923 daAuts
     D:3: 691 daAuts
     D:2: 649 daAuts
     D:5: 614 daAuts
     D:6: 360 daAuts
  Temple: 26 daAuts

Table legend:
 A = Non-vault XP
 B = Vault XP
 C = Vault XP percentage of total XP
 D = Non-vault monster count
 E = Vault monster count
 F = Vault count percentage of total count
                 A         B        C        D         E       F
            +---------+---------+-------+---------+---------+-------
      Total |    1527 |     347 |  18.5 |      95 |       8 |   7.8
            +---------+---------+-------+---------+---------+-------
        D:1 |      28 |       6 |  17.6 |      19 |       4 |  17.4
        D:2 |      55 |      37 |  40.2 |      17 |       1 |   5.6
        D:3 |      94 |       0 |   0.0 |      26 |       0 |   0.0
        D:4 |     715 |     304 |  29.8 |      22 |       3 |  12.0
        D:5 |     364 |       0 |   0.0 |       3 |       0 |   0.0
        D:6 |     271 |       0 |   0.0 |       8 |       0 |   0.0
            +---------+---------+-------+---------+---------+-------
